Map: Malwarfare

Players

BunnyLove

  • Race: Terran Terran

HouseMaster

  • Race: Protoss Protoss
  • Spawn Location: 7:00

VOD

Have the link to the VOD?

Description

Time

  • Played on: March 14, 2018, 9:48 p.m.
  • Length: 24:52
Show
View Real Time Build Order
Export as new Build Order

BunnyLove Terran 

Build Orders:  

Get SALT Encoding   

  12  0:05  Starport Tech Lab  
  12  0:08  SCV  
  13  0:25  SCV  
  13  0:26  Supply Depot  
  15  0:42  SCV  
  16  1:01  SCV  
  16  1:04  Assault Galleon  
  16  1:18  SCV  
  16  1:19  Refinery  
  17  1:35  SCV  
  19  1:52  SCV  
  19  2:08  SCV  
  20  2:13  Command Center  
  20  2:25  SCV  
  20  2:26  Refinery  
  22  2:42  SCV  
  22  2:58  Assault Galleon  
  22  2:59  SCV  
  23  3:16  SCV  
  25  3:31  Engineering Bay  
  25  3:33  SCV  
  26  3:50  Supply Depot, SCV  
  26  4:07  SCV  
  26  4:08  Assault Galleon  
  27  4:34  Command Center  
  27  4:47  SCV  
  27  4:48  SCV, LE9 Cluster Charges  
  29  4:50  Reaper x2  
  29  4:51  Armory  
  32  5:00  Reaper x2  
  32  5:04  SCV  
  32  5:09  SCV  
  36  5:20  Reaper  
  36  5:21  SCV  
  36  5:25  Reaper  
  36  5:26  SCV  
  39  5:30  Jetpack Overdrive  
  39  5:34  Supply Depot  
  39  5:38  SCV  
  41  5:40  Reaper  
  41  5:43  Reaper, SCV  
  43  5:57  Reaper  
  43  5:58  Reaper  
  46  6:04  SCV  
  46  6:05  SCV  
  46  6:08  Refinery  
  47  6:11  Refinery  
  49  6:20  Reaper x2  
  49  6:21  SCV  
  51  6:31  SCV  
  51  6:37  Fusion Core  
  51  6:38  SCV  
  52  6:48  SCV  
  53  6:52  Reaper  
  53  6:54  Reaper  
  53  6:55  SCV  
  56  7:05  SCV  
  58  7:12  SCV  
  58  7:17  Horner Weapons Level 1  
  59  7:22  SCV  
  59  7:23  Reaper x3  
  62  7:33  Reaper, Hellbat  
  62  7:37  SCV  
  62  7:39  SCV  
  68  7:43  Reaper  
  68  7:45  Reaper, Assault Galleon  
  70  7:54  SCV  
  70  7:55  Reaper  
  70  7:56  SCV  
  72  8:06  Reaper x3  
  75  8:15  SCV  
  75  8:18  SCV  
  76  8:51  Supply Depot  
  76  8:52  Supply Depot  
  76  8:58  Assault Galleon  
  83  9:39  Drone Hangar x3  
  83  9:40  SCV x2  
  83  9:57  SCV  
  86  10:11  Horner Weapons Level 2  
  84  10:21  Reaper x3  
  84  10:25  Drone Hangar x2  
  87  10:31  Reaper x3  
  87  10:34  Overcharged Reactor  
  91  10:40  Theia Raven, SCV  
  91  10:41  Reaper x3  
  96  10:51  Reaper x3  
  99  11:00  Reaper x2  
  99  11:01  Reaper  
  99  11:07  Reaper x2  
  104  11:10  Reaper x3  
  104  11:17  Reaper x2  
  105  11:20  Reaper x3, Supply Depot  
  105  11:23  Supply Depot  
  105  11:27  Reaper x2  
  108  11:30  Reaper x2  
  108  11:33  Reaper  
  108  11:37  Reaper  
  110  11:48  Reaper  
  110  11:50  Reaper x2  
  110  11:55  Supply Depot  
  110  11:56  Supply Depot  
  110  11:57  Reaper  
  110  11:58  Reaper  
  111  12:01  Reaper  
  111  12:04  Reaper  
  111  12:06  Reaper  
  111  12:07  Reaper  
  113  12:14  Reaper x2  
  113  12:15  Reaper  
  115  12:21  Supply Depot  
  115  12:33  Reaper  
  115  12:37  Sovereign Battlecruiser  
  123  12:43  Reaper x2  
  123  12:45  Reaper x2  
  123  12:47  Napalm Payload  
  125  12:51  Reaper  
  125  12:57  Reaper x3  
  124  13:02  Reaper x2  
  124  13:08  Reaper  
  126  13:11  Reaper x2  
  126  13:12  Reaper x2  
  130  13:20  Reaper  
  130  13:21  Reaper  
  130  13:24  Reaper x2  
  134  13:39  Supply Depot  
  147  13:40  Reaper  
  147  13:42  Strike Fighter Platform  
  147  13:43  Strike Fighter Platform x2  
  147  13:55  Horner Weapons Level 3  
  147  13:58  Reaper  
  147  13:59  Reaper  
  149  14:11  Reaper x2  
  149  14:16  Strike Fighter Platform x2  
  149  14:17  Strike Fighter Platform  
  149  14:19  Reaper  
  153  14:20  Reaper  
  153  14:22  Reaper  
  153  14:29  Reaper x2  
  157  14:40  Reaper x3  
  157  14:46  Reaper x2  
  157  14:47  Theia Raven  
  157  14:49  Reaper  
  160  14:50  Reaper x2  
  162  15:03  Strike Fighter Platform x2  
  162  15:05  Strike Fighter Platform  
  171  15:20  Reaper x2  
  171  15:24  Reaper x2  
  175  15:30  Reaper x2  
  175  15:36  Strike Fighter Platform  
  176  15:59  Reaper x2  
  178  16:03  Reaper  
  178  16:07  Reaper  
  179  16:13  Sovereign Battlecruiser  
  184  16:40  Reaper x2  
  184  16:44  Reaper x2  
  188  16:55  Reaper x2  
  188  16:57  Reaper x2  
  192  17:02  Reaper  
  192  17:05  Reaper  
  194  17:10  Reaper x2  
  196  17:21  Reaper x2  
  198  17:33  Reaper x2  
  112  18:30  Horner Armor Level 1  
  195  18:51  Reaper  
  195  18:59  Reaper x2  
  198  19:02  Reaper  
  198  19:03  Reaper  
  192  19:45  Sovereign Battlecruiser  
  198  20:00  Reaper x2  
  197  20:26  Reaper  
  197  20:27  Reaper x3  
  197  20:28  Reaper  
  199  20:36  Reaper x2  
  199  20:37  Reaper x2  
  199  20:45  Reaper  
  184  22:51  Reaper x3  
  184  22:52  Reaper  
  184  22:54  Sovereign Battlecruiser  
  184  22:57  Reaper  
  194  23:01  Reaper  
  195  23:13  Reaper x2  
  195  23:18  Theia Raven  
  199  23:24  Reaper  
  195  23:51  Reaper  
  195  23:52  Reaper  
  197  24:11  Reaper  
  197  24:13  Reaper  
  197  24:18  Reaper  
  197  24:19  Reaper x2  
Show
View Real Time Build Order
Export as new Build Order

HouseMaster Protoss 

Build Orders:  

Get SALT Encoding   

Tags
 
Commander
FenixHorner
Matchup
Co-op
Replay Pack
Co-op Speedrun
Add a new tag
Caveats
  • Supply blocks, unpowered buildings, or Contaminate may cause inaccurate times.
  • Supply counts are checked every 10 seconds.